 Dungeon Crawl Stone Soup version 0.22-a0-515-g75794bf (webtiles) character file.

4151 inc the Destroyer (level 9, -6/62 HPs)
             Began as a Demigod Fire Elementalist on June 19, 2018.
             Mangled by an orc warrior
             ... wielding a cursed -1 trident
              (14 damage)
             ... on level 8 of the Dungeon.
             The game lasted 00:17:23 (8495 turns).

inc the Destroyer (Demigod Fire Elementalist)       Turns: 8495, Time: 00:17:24

Health: -6/62      AC:  6    Str: 11    XL:     9   Next: 80%
Magic:  8/20       EV: 12    Int: 28    God:
Gold:   426        SH:  0    Dex: 16    Spells: 6/18 levels left

rFire    . . .     SeeInvis .   K - staff of conjuration
rCold    . . .     Gourm    .   (no shield)
rNeg     . . .     Faith    .   y - +2 robe {MR+}
rPois    +         Spirit   .   w - +0 helmet
rElec    .         Reflect  .   H - +0 cloak
rCorr    .         Harm     .   (no gloves)
MR       +....                  (no boots)
Stlth    ++........             (no amulet)
HPRegen  0.20/turn              J - ring of poison resistance
MPRegen  0.17/turn              r - +3 ring of intelligence

@: no status effects
A: high mp 1
a: no special abilities


You were on level 8 of the Dungeon.
You were near starving.

You visited 1 branch of the dungeon, and saw 8 of its levels.

You collected 426 gold pieces.

Inventory:

Hand Weapons
 f - a +0 whip
 h - a +0 short sword
 B - a +0 long sword of slicing
 E - a +1 rapier of draining
Armour
 a - a +0 robe
 w - a +0 helmet (worn)
 x - a +0 ring mail
 y - a +2 robe of magic resistance (worn)
 G - a +0 scale mail
 H - a +0 cloak (worn)
Magical Staves
 F - an uncursed staff of cold
 K - an uncursed staff of conjuration (weapon)
Jewellery
 r - a +3 ring of intelligence (right hand)
 J - a ring of poison resistance (left hand)
Wands
 D - a wand of polymorph (5)
Scrolls
 b - 7 scrolls of identify {unknown}
 e - a scroll of magic mapping {unknown}
 i - 4 scrolls of teleportation {unknown}
 j - 2 scrolls of remove curse
 l - 3 scrolls of enchant weapon {unknown}
 o - a scroll of immolation {unknown}
 p - a scroll of amnesia {unknown}
 q - 3 scrolls of noise {unknown}
 v - a scroll of blinking {unknown}
 C - 2 scrolls of fear {unknown}
 I - 4 scrolls of enchant armour {unknown}
Potions
 d - 2 potions of haste {unknown}
 g - 2 potions of might {unknown}
 k - 2 potions of curing
 m - 3 potions of flight {unknown}
 n - 2 potions of lignification
 s - 2 potions of brilliance {unknown}
 t - a potion of magic {unknown}
 u - a potion of mutation {unknown}
 z - a potion of degeneration {unknown}
 A - 2 potions of heal wounds {unknown}
Comestibles
 c - 19 rations


   Skills:
 - Level 1.7 Dodging
 - Level 1.7 Stealth
 - Level 5.0 Spellcasting
 + Level 9.2 Conjurations
 + Level 8.8 Fire Magic


You had 6 spell levels left.
You knew the following spells:

 Your Spells              Type           Power        Failure   Level  Hunger
a - Flame Tongue          Conj/Fire      #####        1%          1    None
b - Sticky Flame          Conj/Fire      ######..     1%          4    ###....
c - Blink                 Tloc           N/A          10%         2    None
d - Fireball              Conj/Fire      ######....   4%          5    #####..

Your spell library contained the following spells:

 Spells                   Type           Power        Failure   Level  Hunger
 Cause Fear               Hex            #.........   54%         4    ###....
 Magic Dart               Conj           ####         1%          1    None
 Conjure Flame            Conj/Fire      ######..     1%          3    #......
 Slow                     Hex            #.......     10%         2    None
 Confuse                  Hex            #.......     21%         3    #......
 Throw Flame              Conj/Fire      ######       1%          2    None
 Mephitic Cloud           Conj/Pois/Air  #####...     6%          3    #......
 Call Imp                 Summ           #.......     10%         2    None
 Confusing Touch          Hex            #.....       7%          1    None
 Metabolic Englaciation   Hex/Ice        #.........   88%         5    #####..
 Corona                   Hex            #......      7%          1    None
 Portal Projectile        Hex/Tloc       #.....       21%         3    #......
 Petrify                  Tmut/Erth      #.......     54%         4    ###....
 Leda's Liquefaction      Hex/Erth       #.........   54%         4    ###....
 Inner Flame              Hex/Fire       ####....     3%          3    #......
 Gell's Gravitas          Tloc           #.........   21%         3    #......
 Yara's Violent Unravell  Hex/Tmut       #.........   88%         5    #####..


Dungeon Overview and Level Annotations

Branches:
Dungeon (8/15)             Temple (0/1) D:6
   Lair: D:8-11

Annotations:
D:6 1 runed door, Karim's ghost, novice GnGl


Innate Abilities, Weirdness & Mutations

You have an increased reservoir of magic. (+10% MP)


Message History

Casting: Flame Tongue (safe; 1% risk of failure)
Confirm with . or Enter, or press ? or * to list all spells.
Aiming: Flame Tongue (safe; 1% risk of failure)
Press: ? - help, Shift-Dir - straight line, f - killer bee
Aim: a killer bee (heavily wounded)
You feel a surge of power!
The flame tongue hits the killer bee.
The killer bee is severely wounded.
You hear an angry buzzing noise. x2
The killer bee stings you but does no damage.
The orc warrior hits you from afar with a trident.
* * * LOW HITPOINT WARNING * * *
The killer bee stings you.
* * * LOW HITPOINT WARNING * * *
Okay, then.
You feel better.
A killer bee comes into view.
The killer bee closely misses you. The killer bee stings you.
* * * LOW HITPOINT WARNING * * *
The orc warrior hits you from afar with a trident!
You die...

###...###.#.##.##..........#
####...#......#.########.####
#.....##.#.#..#.# ######'###
#.....##.#.#..#.# #........#
#.....##.#....#.# #........#
.........##...#.# #........#
..............#.# #........#
.#............#.###........#
............>...@yo........#
....#######.#.#.##o........#
..........#.#.#.##.#####'###
#########.#.#.#.##.#####.#
#########.#.#.#.##.#...(.#
..........#.#+#.##.#'#######
##........#...†.##.........#
.'.[............##.........#
##........##.†..##.).......#


You could see an orc warrior, a killer bee and an orc wizard.

Vanquished Creatures
  A two-headed ogre (D:8)
  Grinder (D:6)
  Sigmund (D:2)
  Eustachio (D:6)
  A hungry ghost (D:7)
  A water moccasin (D:5)
  An ice beast (D:7)
  An orc warrior (D:7)
  2 phantoms (D:4)
  4 sky beasts
  2 necrophages
  4 ogres
  A centaur (D:6)
  Blork the orc (D:5)
  2 bullfrogs
  3 scorpions
  6 killer bees (D:8)
  5 howler monkeys
  An electric eel (D:7)
  2 crimson imps (D:5)
  A centaur zombie (D:8)
  A gnoll shaman (D:5)
  3 orc priests
  3 iguanas
  2 worker ants (D:7)
  A hound zombie (D:5)
  Robin (D:3)
  9 adders
  5 gnolls (D:5)
  2 shadow imps
  An ooze (D:3)
  An adder skeleton (D:8)
  3 worms
  10 dart slugs
  2 leopard geckos
  14 orcs
  8 bats
  5 giant cockroaches
  16 goblins
  9 hobgoblins
  13 jackals
  6 kobolds
  2 quokkas
  4 frilled lizards
  A jackal skeleton (D:4)
  3 rats
167 creatures vanquished.

Vanquished Creatures (others)
  2 withered plants (D:6)
2 creatures vanquished.

Grand Total: 169 creatures vanquished

Notes
Turn   | Place    | Note
-------+----------+-------------------------------------------
     0 | D:1      | inc the Demigod Fire Elementalist began the quest for the Orb.
     0 | D:1      | Reached XP level 1. HP: 14/14 MP: 5/5
    10 | D:1      | Reached skill level 1 in Conjurations
   368 | D:1      | Reached skill level 2 in Conjurations
   372 | D:1      | Reached XP level 2. HP: 20/20 MP: 1/7
  1121 | D:2      | Reached XP level 3. HP: 26/26 MP: 4/8
  1195 | D:2      | Reached skill level 3 in Conjurations
  1282 | D:2      | Noticed Sigmund
  1312 | D:3      | Noticed Robin
  1339 | D:3      | Killed Robin
  1636 | D:3      | Found a shimmering altar of Xom.
  1636 | D:3      | Found a hide-covered altar of Uskayaw.
  1637 | D:3      | Found a deep blue altar of Sif Muna.
  1637 | D:3      | Found a sacrificial altar of Ru.
  1647 | D:3      | Reached XP level 4. HP: 33/33 MP: 7/9
  2381 | D:4      | Reached skill level 4 in Conjurations
  2626 | D:2      | Reached XP level 5. HP: 31/38 MP: 3/10
  2946 | D:2      | Killed Sigmund
  2946 | D:2      | Reached XP level 6. HP: 21/45 MP: 3/11
  3369 | D:4      | Reached skill level 5 in Conjurations
  3426 | D:4      | Learned a level 4 spell: Sticky Flame
  3640 | D:5      | Entered Level 5 of the Dungeon
  3640 | D:5      | Noticed a water moccasin
  3644 | D:5      | Killed a water moccasin
  3644 | D:5      | Reached skill level 5 in Fire Magic
  3644 | D:5      | Reached XP level 7. HP: 14/50 MP: 4/12
  4042 | D:5      | Reached skill level 6 in Conjurations
  4925 | D:5      | Reached XP level 8. HP: 57/57 MP: 13/17
  5086 | D:5      | Noticed Blork the orc
  5095 | D:5      | Killed Blork the orc
  5230 | D:5      | Learned a level 2 spell: Blink
  5259 | D:5      | Reached skill level 5 in Spellcasting
  5866 | D:6      | Noticed Eustachio
  5872 | D:6      | Killed Eustachio
  6076 | D:6      | Found a runed door.
  6076 | D:6      | Noticed Karim's ghost (novice GnGl)
  6080 | D:6      | Noticed Grinder
  6086 | D:6      | Killed Grinder
  6086 | D:6      | Reached skill level 7 in Conjurations
  6228 | D:6      | Found a staircase to the Ecumenical Temple.
  6476 | D:6      | Found an opulent altar of Gozag.
  6483 | D:6      | Learned a level 5 spell: Fireball
  7152 | D:7      | Reached XP level 9. HP: 58/62 MP: 15/20
  7657 | D:8      | Reached skill level 8 in Conjurations
  7814 | D:8      | Noticed a two-headed ogre
  7827 | D:8      | Killed a two-headed ogre
  8111 | D:8      | Reached skill level 9 in Conjurations
  8495 | D:8      | Mangled by an orc warrior

Vault maps used:
D:1:      minmay_arrival_five_plusses
D:2:      first_ration, kennysheep_decorative_pillar, serial_park_tiny_pond,
          uniq_sigmund
D:3:      chequers_temple_overflow_statue_of_worship, uniq_robin
D:4:      kennysheep_minor_cross, minmay_misc_feat_secret_circle
D:5:      uniq_blork_the_orc
D:6:      minmay_temple_entry_poolview, basic_altar, gammafunk_ghost_grave,
          uniq_eustachio, uniq_grinder
D:7:      kennysheep_slugbush
D:8:      david_nohive_1

Skill      XL: |  1  2  3  4  5  6  7  8  9 |
---------------+----------------------------+-----
Conjurations   | 2 3 4 5 6 7 9 |  9.2
Fire Magic     | 3 4 5 7 8 |  8.8
Spellcasting   | 4 5 |  5.0
Dodging        | |  1.7
Stealth        | |  1.7

Action                   |  1- 3 |  4- 6 |  7- 9 || total
-------------------------+-------+-------+-------++-------
Melee: Whip              |    27 |     2 |    21 ||    50
       Rapier            |       |       |   106 ||   106
       Long sword        |       |       |    50 ||    50
       Staff             |       |       |     1 ||     1
 Cast: Flame Tongue      |    61 |   102 |   225 ||   388
       Sticky Flame      |       |     1 |    20 ||    21
       Fireball          |       |       |     1 ||     1
  Use: Potion            |     1 |       |     2 ||     3
       Scroll            |       |     1 |     1 ||     2
 Stab: Sleeping          |       |       |     1 ||     1
  Eat: Chunk             |     2 |     8 |     8 ||    18
       Ration            |       |       |     3 ||     3
Armor: Robe              |     7 |    12 |    71 ||    90
       Skin              |    21 |       |     9 ||    30
       Ring mail         |       |     2 |       ||     2
Dodge: Dodged            |    31 |    32 |   165 ||   228
       Rpst.: Long sword |       |       |    10 ||    10

Table legend:
 A = Spawn XP
 B = Non-spawn XP
 C = Spawn XP percentage of total XP
 D = Spawn monster count
 E = Non-spawn monster count
 F = Spawn count percentage of total count
 G = Total turns spent on level
                    A         B        C        D         E        F      G
               +---------+---------+-------+---------+---------+-------+---------
         Total |       0 |    5930 |   0.0 |       0 |     167 |   0.0 |  8495
               +---------+---------+-------+---------+---------+-------+---------
           D:1 |       0 |      30 |   0.0 |       0 |      15 |   0.0 |  1092
           D:2 |       0 |     326 |   0.0 |       0 |      29 |   0.0 |  1085
           D:3 |       0 |      99 |   0.0 |       0 |      29 |   0.0 |  1272
           D:4 |       0 |     755 |   0.0 |       0 |      17 |   0.0 |   934
           D:5 |       0 |     872 |   0.0 |       0 |      22 |   0.0 |  1415
           D:6 |       0 |     958 |   0.0 |       0 |      13 |   0.0 |   970
           D:7 |       0 |     902 |   0.0 |       0 |      21 |   0.0 |   985
           D:8 |       0 |    1988 |   0.0 |       0 |      21 |   0.0 |   742
               +---------+---------+-------+---------+---------+-------+---------
